 Dungeon Crawl Stone Soup version 0.30-b1-2-g02819fbbbe (webtiles) character file.

Game seed: 5386582733220635159

1355 Mesmaeker13 the Insei (level 8, -4/66 HPs)
             Began as an Octopode Transmuter on May 21, 2023.
             Was a Believer of Wu Jian.
             Slain by an orc knight
             ... wielding a +0 glaive
              (29 damage)
             ... in a bailey.
             The game lasted 00:12:30 (5689 turns).

Mesmaeker13 the Insei (Octopode Transmuter)         Turns: 5689, Time: 00:12:31

Health: -4/66      AC:  7    Str: 19    XL:     8   Next: 63%
Magic:  18/20      EV: 10    Int: 16    God:    Wu Jian [**....]
Gold:   409        SH:  0    Dex: 12    Spells: 4/11 levels left

rFire   . . .        v - melded +2 dagger (elec)
rCold   + + .        (shield currently unavailable)
rNeg    + . .        (helmet currently unavailable)
rPois   +            o - amulet of regeneration
rElec   .            k - ring of magical power
rCorr   .            d - ring of fire
SInv    .            s - +6 ring of strength
Will    .....        x - ring of positive energy
Stlth   +            (no ring)
HPRegen 1.11/turn    (no ring)
MPRegen 0.17/turn    (no ring)
                     (no ring)

%: clarity
@: ice-form, invisible
A: freezing attack, boosted hp, almost no armour, amphibious, 8 rings, large,
(camouflage 1), (gelatinous body 1), (nimble swimmer 1), (tentacles), clarity,
strong 1
a: End Transformation, Renounce Religion, Wall Jump


You were in a bailey.
You worshipped Wu Jian.
Wu Jian was pleased with you.
You were a creature of crystalline ice.
You visited 2 branches of the dungeon, and saw 8 of its levels.
You also visited: Bailey.

You collected 409 gold pieces.

Inventory:

Hand Weapons
 r - the +9 rapier "Rummage" {spect, +Blink Will- rCorr SInv}
   (You found it on level 3 of the Dungeon)

   SInv:      It lets you see invisible.
   +Blink:    It lets you blink.
   rCorr:     It protects you from acid and corrosion.
   Will:      It decreases your willpower.
 v - a +2 dagger of electrocution (melded)
Magical Staves
 j - a staff of conjuration
Jewellery
 d - a ring of fire (right front paw)
 k - a ring of magical power (left front paw)
 o - an amulet of regeneration (around neck)
 p - a ring of flight
 s - a +6 ring of strength (on tentacle)
 x - a ring of positive energy (on tentacle)
 A - a +6 ring of dexterity
Wands
 b - a wand of flame (5)
 l - a wand of roots (3)
Scrolls
 c - 2 scrolls of immolation
 e - a scroll of fear {unknown}
 f - 4 scrolls of butterflies
 i - 2 scrolls of fog {unknown}
 q - a scroll of enchant weapon {unknown}
 w - a scroll of magic mapping {unknown}
 y - 3 scrolls of identify
 z - a scroll of enchant armour {unknown}
Potions
 a - 3 potions of lignification
 g - a potion of attraction {unknown}
 h - 3 potions of degeneration
 m - a potion of cancellation {unknown}
 n - 4 potions of curing
 t - 3 potions of mutation
 u - 2 potions of heal wounds {unknown}
 B - a potion of invisibility
 C - a potion of resistance {unknown}
 D - a potion of magic {unknown}
 E - a potion of haste {unknown}


   Skills:
 + Level 5.2 Fighting
 - Level 2.0 Dodging
 + Level 6.1 Unarmed Combat
 - Level 2.0 Spellcasting
 + Level 5.6 Transmutations
 + Level 4.3 Ice Magic


You had 4 spell levels left.
You knew the following spells:

 Your Spells              Type           Power      Damage    Failure   Level
a - Beastly Appendage     Tmut           38%        N/A       1%          1
b - Wereblood             Tmut           19%        N/A       3%          2
c - Ice Form              Ice/Tmut       17%        N/A       26%         4

Your spell library contained the following spells:

 Spells                   Type           Power      Damage    Failure   Level
 Passwall                 Tmut/Erth      8%         N/A       10%         2
 Apportation              Tloc           2%         N/A       21%         1
 Necrotise                Necr           4%         1d4       21%         1
 Sandblast                Erth           2%         2d4       21%         1
 Summon Small Mammal      Summ           4%         N/A       21%         1
 Spider Form              Tmut/Pois      10%        N/A       21%         3
 Blink                    Tloc           2%         N/A       30%         2
 Lesser Beckoning         Tloc           2%         N/A       30%         2
 Momentum Strike          Conj/Tloc      2%         3d8       30%         2
 Stone Arrow              Conj/Erth      2%         3d7       52%         3


Dungeon Overview and Level Annotations

Branches:
Dungeon (7/15)             Temple (1/1) D:4          Bailey (1/1)

Altars:
Cheibriados
Makhleb
Wu Jian
Xom

Shops:
D:2 (*   D:3 (

Annotations:
D:3 1 runed translucent door, Crazy Yiuf


Innate Abilities, Weirdness & Mutations

You are a creature of crystalline ice.
You have a powerful freezing melee attack.
Your maximum health is increased.
Your armour is entirely melded.
You are incapable of wielding weapons or throwing items.
You cannot wear most types of armour.
You are amphibious.
You can wear up to eight rings at the same time.
((Your skin changes colour to match your surroundings (Stealth+).))
((Your rubbery body absorbs attacks. (AC +1, EV +1)))
((You are camouflaged when in or above water. (Stealth+)))
((You have tentacles for arms and can constrict up to eight enemies at once.))
You possess an exceptional clarity of mind.
Your muscles are strong. (Str +4, Int/Dex -1)


Message History

The orc knight is moderately wounded.
You howl as the wereblood boils in your veins!
Your primal bloodlust is almost over.
The orc knight completely misses you.
The orc hits you from afar with a +0 halberd!
You spin and attack the orc knight.
You catch the helpless orc knight completely off-guard!
You punch the orc knight! You freeze the orc knight.
The orc knight is heavily wounded.
The orc knight hits you with a +0 glaive!!!
Ouch! That really hurt!
* * * LOW HITPOINT WARNING * * *
You spin and attack the orc knight.
You hit the orc knight but do no damage.
The orc knight is heavily wounded.
You spin and attack the orc repeatedly.
You punch the orc! You freeze the orc.
You feel a bit better.
You kill the orc!
The Council accepts your kill.
An orc comes into view. It is wielding a +0 spear.
You spin and attack the orc knight.
You punch the orc knight! You freeze the orc knight.
The orc knight is severely wounded.
Unknown command.
You spin and attack the orc knight.
You hit the orc knight but do no damage.
The orc knight is severely wounded.
The orc knight hits you but does no damage.
Unknown command.
Okay, then.
Okay, then.
You feel better.
You howl as the wereblood boils in your veins!
The orc knight hits you with a +0 glaive!
* * * LOW HITPOINT WARNING * * *
Unknown command.
You feel better.
Your primal bloodlust has ended.
The orc knight hits you with a +0 glaive!!
You die...

##### ####### ######
.....#########.....## ##..)))
......#.....#....).)######....)#
...#..'.....'...##))#....#...)##
oo....'..o..)....8.)'....'.....8
.o.#..'.....o.o.##).#....#....##
......#.....#o.Y..).######.....#
.....#########.....## ##.....
##### ####### ######


You could see 2 orc knights and 2 orcs.

Vanquished Creatures
  A water moccasin (D:6)
  3 ice beasts
  2 centaurs
  A gnoll sergeant (D:6)
  2 scorpions
  A bullfrog (D:6)
  A jelly (D:4)
  3 hounds
  4 iguanas
  4 orc wizards
  3 gnolls (D:6)
  8 adders
  2 shadow imps
  An ufetubus (D:4)
  2 dart slugs
  34 orcs
  A bat (D:3)
  5 endoplasms
  3 giant cockroaches
  10 goblins
  5 hobgoblins
  9 jackals
  4 kobolds
  2 quokkas
  5 ball pythons
  3 frilled lizards
  3 rats
122 creatures vanquished.

Vanquished Creatures (others)
  6 plants (D:4)
6 creatures vanquished.

Grand Total: 128 creatures vanquished

Notes
Turn   | Place    | Note
-------+----------+-------------------------------------------
     0 | D:1      | Mesmaeker13 the Octopode Transmuter began the quest for the
                  | Orb.
     0 | D:1      | Reached XP level 1. HP: 13/13 MP: 3/3
   166 | D:1      | Reached XP level 2. HP: 18/18 MP: 3/5
   707 | D:1      | Learned a level 2 spell: Wereblood
   737 | D:2      | Reached XP level 3. HP: 10/24 MP: 6/6
   932 | D:2      | Found Biman's Weapon Boutique.
  1251 | D:2      | Found Vexzel's Assorted Antiques.
  1709 | D:3      | Found Fyokistaas's Weapon Boutique.
  1714 | D:3      | Identified the +9 rapier "Rummage" {spect, +Blink Will-
                  | rCorr SInv}
  1778 | D:3      | Reached XP level 4. HP: 15/30 MP: 7/7
  2150 | D:3      | Learned a level 4 spell: Ice Form
  2267 | D:3      | Found a runed translucent door.
  2268 | D:3      | Noticed Crazy Yiuf
  2306 | D:3      | Reached skill level 4 in Unarmed Combat
  2307 | D:3      | Reached XP level 5. HP: 35/35 MP: 8/8
  2700 | D:4      | Found a staircase to the Ecumenical Temple.
  2718 | Temple   | Entered the Ecumenical Temple
  2734 | Temple   | Became a worshipper of the Wu Jian Council
  2814 | D:4      | Reached skill level 1 in Ice Magic
  3386 | D:5      | Entered Level 5 of the Dungeon
  3393 | D:5      | Reached XP level 6. HP: 42/42 MP: 9/9
  3669 | D:5      | Reached XP level 7. HP: 44/47 MP: 10/10
  3750 | D:5      | Reached skill level 5 in Unarmed Combat
  3951 | D:5      | Reached * piety under Wu Jian
  4270 | D:6      | Reached XP level 8. HP: 54/54 MP: 10/11
  4271 | D:6      | Reached skill level 5 in Transmutations
  4887 | D:6      | Found a shimmering altar of Xom.
  4924 | D:6      | Reached skill level 5 in Fighting
  5348 | D:7      | Reached skill level 6 in Unarmed Combat
  5523 | D:7      | Found a flagged portal.
  5541 | Bailey   | Entered a bailey
  5560 | Bailey   | Reached ** piety under Wu Jian
  5664 | Bailey   | Noticed an orc knight
  5664 | Bailey   | Noticed an orc knight
  5679 | Bailey   | Gained mutation: Your muscles are strong. (Str +4, Int/Dex
                  | -1) [potion of mutation]
  5679 | Bailey   | Gained mutation: You possess an exceptional clarity of
                  | mind. [potion of mutation]
  5689 | Bailey   | Slain by an orc knight

Illustrated notes

Levels and vault maps discovered:
D:1:      sevenhm_arrival_forest_fort_small_6, layout_basic
D:2:      layout_loops_cross, serial_shops, shop,
          nicolae_shop_bloodbath_and_beyond, chequers_serial_rivers_small_3
D:3:      layout_rooms, serial_shops, shop, uniq_crazy_yiuf_cottage
D:4:      layout_basic, minmay_temple_entry_junction, serial_bayou_lagoon_a
D:5:      layout_basic
D:6:      layout_loops_corners, mainiacjoe_overflow_six_doors_small,
          minmay_misc_feat_nine_boxes
D:7:      layout_loops_corners, kennysheep_mini_moat, enter_bailey_3,
          dreamdust_gnoll_farm
Temple:   bh_familiar_temple
Bailey:   bailey_polearm_5, bailey

Skill      XL: |  1  2  3  4  5  6  7  8 |
---------------+-------------------------+-----
Fighting       | 2 3 4 5 |  5.2
Transmutations | 3 4 5 |  5.6
Unarmed Combat | 4 5 6 |  6.1
Ice Magic      | 1 2 3 4 |  4.3
Dodging        | |  2.0
Spellcasting   | |  2.0

Action                     |  1- 3 |  4- 6 |  7- 9 || total
---------------------------+-------+-------+-------++-------
  Melee: Unarmed           |    52 |       |    53 ||   105
         Kick              |    22 |    16 |    26 ||    64
         Tentacles         |    11 |    10 |    12 ||    33
         Constrict         |    17 |    21 |    17 ||    55
         Dagger            |    17 |    80 |    52 ||   149
         Punch             |     2 |     1 |     4 ||     7
   Cast: Beastly Appendage |    22 |    17 |    11 ||    50
         Wereblood         |     2 |     7 |    10 ||    19
         Ice Form          |       |       |     8 ||     8
Ability: Lunge             |       |     2 |    10 ||    12
         Whirlwind         |       |       |    13 ||    13
  Evoke: Wand              |       |     7 |       ||     7
    Use: Scroll            |     1 |     3 |     1 ||     5
         Potion            |       |       |     4 ||     4
   Stab: Sleeping          |     6 |     3 |     3 ||    12
         Invisible         |       |       |     2 ||     2
 Armour: Skin              |     6 |    15 |    24 ||    45
  Dodge: Dodged            |    40 |    51 |    60 ||   151
